 Dungeon Crawl Stone Soup version 0.31-a0-246-g8cbcc1cb85 (webtiles) character file.

Game seed: 15259862240420766146

968 qw the Skirmisher (level 7, 0/59 HPs)
             Began as a Minotaur Hexslinger on July 12, 2023.
             Was a Follower of Okawaru.
             Slain by a gnoll sergeant
             ... wielding a +0 spear
              (9 damage)
             ... on level 6 of the Dungeon.
             The game lasted 00:01:55 (3887 turns).

qw the Skirmisher (Minotaur Hexslinger)             Turns: 3887, Time: 00:01:56

Health: 0/59       AC:  9    Str: 13    XL:     7   Next: 93%
Magic:  6/8        EV: 13    Int: 10    God:    Okawaru [*.....]
Gold:   153        SH:  5    Dex: 14    Spells: 7/8 levels left

rFire   . . .        Y - +1 sling
rCold   . . .        (no shield)
rNeg    . . .        k - +0 ring mail
rPois   .            (helmet restricted)
rElec   .            g - +0 cloak
rCorr   .            i - +0 pair of gloves
SInv    +            (no boots)
Will    .....        c - amulet of reflection
Stlth   ++           j - ring of see invisible
HPRegen 0.29/turn    (no ring)
MPRegen 0.11/turn

%: reflection
@: heroic
A: horns 2, retaliatory headbutt
a: Renounce Religion, Heroism


You were on level 6 of the Dungeon.
You worshipped Okawaru.
Okawaru was aware of your devotion.
You visited 2 branches of the dungeon, and saw 7 of its levels.

You collected 353 gold pieces.
You spent 200 gold pieces at shops.


Innate Abilities, Weirdness & Mutations

You have a pair of horns on your head.
You reflexively headbutt those who attack you in melee.


   Skills:
 + Level 4.2(9.2) Fighting
 - Level 8.0(13.0) Ranged Weapons
 - Level 2.0(7.0) Armour
 - Level 2.1(7.1) Dodging
 - Level 1.0 Spellcasting
 - Level 2.0 Hexes
 + Level 3.9 Invocations


You had 7 spell levels left.
You knew the following spells:

 Your Spells              Type           Power      Damage    Failure   Level
a - Slow                  Hex            16%        N/A       28%         1

Your spell library contained the following spells:

 Spells                   Type           Power      Damage    Failure   Level
 Inner Flame              Hex/Fire       2%         N/A       78%         3
 Portal Projectile        Hex/Tloc       4%         N/A       78%         3
 Cause Fear               Hex            2%         N/A       96%         4

Inventory:

Hand Weapons
 Y - a +1 sling (weapon)
Armour
 g - a +0 cloak (worn)
 i - a +0 pair of gloves (worn)
 k - a +0 ring mail (worn)
Jewellery
 c - an amulet of reflection (around neck)
 j - a ring of see invisible (left hand)
Scrolls
 m - a scroll of enchant weapon {unknown}
 o - a scroll of immolation {unknown}
 q - 2 scrolls of identify
Potions
 a - a potion of resistance {unknown}
 b - a potion of mutation {unknown}
 d - a potion of might {unknown}
 e - a potion of curing
 f - a potion of enlightenment
 h - 2 potions of lignification {unknown}
 l - a potion of cancellation {unknown}
 n - a potion of magic

Dungeon Overview and Level Annotations

Branches:
Dungeon (6/15)             Temple (1/1) D:4

Altars:
Dithmenos
Fedhas
Gozag
Hepliaklqana
Kikubaaqudgha
Makhleb
Nemelex Xobeh
Okawaru
Qazlal
Sif Muna
Uskayaw
Vehumet
Wu Jian
Xom
The Shining One

Shops:
D:5 *


Message History

The gnoll sergeant misses you.
You shoot a sling bullet.
The sling bullet completely misses the gnoll sergeant.
You block the gnoll sergeant's attack.
You shoot a sling bullet.
The sling bullet barely misses the gnoll sergeant.
The gnoll sergeant hits you from afar with a +0 spear!
You shoot a sling bullet.
The sling bullet hits the gnoll sergeant but does no damage.
The gnoll sergeant barely misses you.
You shoot a sling bullet.
The gnoll sergeant blocks the sling bullet.
You shoot a sling bullet.
The sling bullet hits the gnoll sergeant.
The gnoll sergeant is lightly wounded.
The gnoll sergeant closely misses you.
You shoot a sling bullet.
The sling bullet hits the gnoll sergeant but does no damage.
The gnoll sergeant is lightly wounded.
The gnoll sergeant closely misses you.
You shoot a sling bullet.
The sling bullet hits the gnoll sergeant but does no damage.
The gnoll sergeant is lightly wounded.
You feel like a meek peon again. You block the gnoll sergeant's attack.
3884 ||| INVOKING Heroism.
You gain the combat prowess of a mighty hero.
The gnoll sergeant hits you from afar with a +0 spear.
You shoot a sling bullet.
The sling bullet hits the gnoll sergeant but does no damage.
The gnoll sergeant is lightly wounded.
The gnoll sergeant closely misses you.
You shoot a sling bullet.
The sling bullet barely misses the gnoll sergeant.
The gnoll sergeant closely misses you.
You shoot a sling bullet.
The sling bullet hits the gnoll sergeant.
The gnoll sergeant is moderately wounded.
The gnoll sergeant hits you from afar with a +0 spear!
You die...

##....#..........
.#....#...........
.#....#....##....#
#####+##...##....##
##....##$.........'
##)....#[.........
.......#.........#
.......#.........#######
##....##........@).....#
##....##........)#g..../
##...............# .....
..........##....# ..##
..........##....# .#
##...............# .#
##....##...##....# '
......##...##....#
......(....#######


You could see a gnoll sergeant.

Vanquished Creatures
  An ice beast (D:5)
  2 bullfrogs (D:6)
  3 wights (D:6)
  6 hounds
  4 jellies
  2 iguanas
  A scorpion zombie (D:3)
  3 gnolls (D:6)
  7 adders
  A white imp (D:6)
  An ufetubus (D:4)
  An adder zombie (D:3)
  An adder skeleton (D:3)
  A dart slug (D:2)
  2 orcs
  9 bats
  8 endoplasms
  A giant cockroach (D:2)
  8 goblins
  5 hobgoblins
  8 jackals
  6 kobolds
  8 quokkas
  3 ball pythons
  2 ball python skeletons (D:3)
  6 frilled lizards
  A quokka skeleton (D:3)
  5 rats
106 creatures vanquished.

Notes
Turn   | Place    | Note
-------+----------+-------------------------------------------
     0 | D:1      | qw the Minotaur Hexslinger began the quest for the Orb.
     0 | D:1      | Reached XP level 1. HP: 16/16 MP: 1/1
     0 | D:1      | 0 ||| qw: Version: 0.3-a-52-g30416fa
     0 | D:1      | 0 ||| qw: Game counter: 6549
     0 | D:1      | 0 ||| qw: Melee chars always use a shield: true
     0 | D:1      | 0 ||| qw: God list: Okawaru
     0 | D:1      | 0 ||| qw: Allow faded altars: false
     0 | D:1      | 0 ||| qw: Do Orc after clearing Dungeon:15 true
     0 | D:1      | 0 ||| qw: Do second Lair branch before Depths: true
     0 | D:1      | 0 ||| qw: Lair rune preference: random
     0 | D:1      | 0 ||| qw: Goals: Normal
     0 | D:1      | 0 ||| PLANNING D:1-11
    79 | D:1      | Reached skill level 3 in Ranged Weapons
    81 | D:1      | Reached XP level 2. HP: 23/23 MP: 2/2
   435 | D:1      | 435 ||| UPGRADING to +0 leather armour.
   445 | D:1      | 445 ||| DROPPING +0 robe.
   446 | D:1      | 446 ||| READING scroll labelled LAQULU CEORU.
   447 | D:1      | 447 ||| DRINKING 2 purple potions.
   448 | D:1      | 448 ||| DROPPING scroll of poison.
   565 | D:2      | Reached XP level 3. HP: 26/29 MP: 3/3
   812 | D:2      | 812 ||| Stepping ~*~*~tactically~*~*~ (outnumbered).
   820 | D:2      | Reached skill level 4 in Ranged Weapons
   824 | D:2      | HP: 7/29 [poisoned by an adder]
  1088 | D:2      | Reached XP level 4. HP: 31/36 MP: 4/4
  1220 | D:2      | 1220 ||| UPGRADING to +0 ring mail.
  1230 | D:2      | 1230 ||| DROPPING +0 leather armour.
  1231 | D:2      | 1231 ||| UPGRADING to amulet of reflection.
  1236 | D:2      | 1236 ||| UPGRADING to ring of see invisible.
  1237 | D:2      | 1237 ||| READING scroll labelled IXKOGE TAPNUHAL.
  1301 | D:2      | 1301 ||| READING scroll labelled EMICZORCHORCH.
  1302 | D:2      | 1302 ||| DRINKING 2 dark potions.
  1303 | D:2      | 1303 ||| DRINKING 2 fuming cyan potions.
  1304 | D:2      | 1304 ||| DROPPING potion of attraction.
  1339 | D:3      | Reached skill level 1 in Armour
  1421 | D:3      | Reached skill level 5 in Ranged Weapons
  1604 | D:3      | Reached skill level 3 in Fighting
  1604 | D:3      | Reached XP level 5. HP: 35/45 MP: 5/5
  1994 | D:3      | 1994 ||| UPGRADING to +0 pair of gloves.
  1999 | D:3      | 1999 ||| READING scroll labelled EVIKIYCHO GETS.
  2000 | D:3      | 2000 ||| READING scroll labelled TYPROD COSY.
  2075 | D:4      | Found a staircase to the Ecumenical Temple.
  2076 | D:4      | 2076 ||| PLANNING TEMPLE
  2101 | Temple   | Entered the Ecumenical Temple
  2254 | Temple   | 2254 ||| PLANNING OKAWARU WORSHIP
  2480 | Temple   | Became a worshipper of Warmaster Okawaru
  2481 | Temple   | 2481 ||| PLANNING D:1-11
  2574 | D:4      | Found an ancient bone altar of Kikubaaqudgha.
  2601 | D:4      | Reached skill level 6 in Ranged Weapons
  2662 | D:4      | Reached XP level 6. HP: 52/52 MP: 6/6
  2727 | D:4      | Found a burning altar of Makhleb.
  2848 | D:4      | 2848 ||| UPGRADING to +0 cloak.
  2866 | D:5      | Entered Level 5 of the Dungeon
  2867 | D:5      | Noticed an ice beast
  2881 | D:5      | Killed an ice beast
  2881 | D:5      | Reached * piety under Okawaru
  2923 | D:5      | Found a glowing golden altar of the Shining One.
  3079 | D:5      | Reached skill level 7 in Ranged Weapons
  3079 | D:5      | Reached skill level 1 in Invocations
  3134 | D:5      | Found Ruuwiudi's Assorted Antiques.
  3142 | D:5      | 3142 ||| BUYING inky potion (26 gold).
  3142 | D:5      | Bought an inky potion for 26 gold pieces
  3142 | D:5      | 3142 ||| BUYING lead wand (116 gold).
  3142 | D:5      | Bought a lead wand for 116 gold pieces
  3142 | D:5      | 3142 ||| SHOPLISTING pair of runed gloves (217 gold, have
                  | 161).
  3142 | D:5      | 3142 ||| BUYING scroll of identify (58 gold).
  3142 | D:5      | Bought a scroll of identify for 58 gold pieces
  3177 | D:5      | 3177 ||| Stepping ~*~*~tactically~*~*~ (water).
  3182 | D:5      | Reached XP level 7. HP: 56/59 MP: 7/7
  3276 | D:5      | 3276 ||| INVOKING Heroism.
  3379 | D:5      | 3379 ||| READING scroll labelled TAHOVO HUNO.
  3380 | D:5      | 3380 ||| READING scroll labelled XEEVUZA FARU.
  3381 | D:5      | 3381 ||| DRINKING 2 inky potions.
  3382 | D:5      | 3382 ||| DRINKING 2 blue potions.
  3383 | D:5      | 3383 ||| DROPPING wand of polymorph (7).
  3457 | D:6      | 3457 ||| INVOKING Heroism.
  3458 | D:6      | HP: 12/56 [wight/+2 scimitar of freezing (8)]
  3459 | D:6      | 3459 ||| DRINKING potion of heal wounds.
  3465 | D:6      | Reached skill level 3 in Invocations
  3472 | D:6      | 3472 ||| FLEEEEING.
  3473 | D:6      | 3473 ||| FLEEEEING.
  3478 | D:6      | 3478 ||| FLEEEEING.
  3479 | D:6      | 3479 ||| FLEEEEING.
  3480 | D:6      | 3480 ||| FLEEEEING.
  3481 | D:6      | 3481 ||| INVOKING Heroism.
  3692 | D:6      | 3692 ||| INVOKING Heroism.
  3852 | D:6      | 3852 ||| INVOKING Heroism.
  3856 | D:6      | Reached skill level 8 in Ranged Weapons
  3878 | D:6      | HP: 9/59 [gnoll sergeant/+0 spear (8)]
  3884 | D:6      | 3884 ||| INVOKING Heroism.
  3884 | D:6      | HP: 8/59 [gnoll sergeant/+0 spear (3)]
  3887 | D:6      | Slain by a gnoll sergeant

Levels and vault maps discovered:
D:1:      scummos_arrival_star, layout_rooms
D:2:      layout_basic
D:3:      layout_rooms, serial_undead, serial_undead_e, serial_undead_a,
          serial_undead_a, serial_undead_c
D:4:      layout_basic, lightli_temple_of_fire,
          mainiacjoe_overflow_surrounded_room, minmay_temple_entry_statues
D:5:      wander_river, layout_cave_pools, nicolae_tso_carved_into_rock,
          serial_shops, nicolae_shop_advertising_works
          [nicolae_subvault_shop_adworks], moated_statue
D:6:      layout_gridville, minmay_microvault
Temple:   minmay_temple_forest_path

Skill      XL: |  1  2  3  4  5  6  7 |
---------------+----------------------+-----
Ranged Weapons | 3 4 5 6 7 8 |  8.0
Fighting       | 2 3 4 |  4.2
Armour         | 1 2 |  2.0
Invocations    | 1 3 |  3.9
Dodging        | |  2.1
Spellcasting   | |  1.0
Hexes          | |  2.0

Action                     |  1- 3 |  4- 6 |  7- 9 || total
---------------------------+-------+-------+-------++-------
   Fire: Sling             |   130 |   198 |   107 ||   435
 Invoke: Heroism           |       |       |     6 ||     6
    Use: Scroll            |     1 |     4 |     2 ||     7
         Potion            |     1 |     2 |     3 ||     6
 Armour: Robe              |     4 |       |       ||     4
         Leather armour    |    21 |     1 |       ||    22
         Ring mail         |       |    31 |    12 ||    43
  Dodge: Dodged            |    52 |    76 |    38 ||   166
  Block: Other             |       |    31 |    18 ||    49

Table legend:
 A = Non-vault XP
 B = Vault XP
 C = Vault XP percentage of total XP
 D = Non-vault monster count
 E = Vault monster count
 F = Vault count percentage of total count
                 A         B        C        D         E       F
            +---------+---------+-------+---------+---------+-------
      Total |    1333 |      51 |   3.7 |     100 |       6 |   5.7
            +---------+---------+-------+---------+---------+-------
        D:1 |      28 |       0 |   0.0 |      18 |       0 |   0.0
        D:2 |      74 |       0 |   0.0 |      28 |       0 |   0.0
        D:3 |      96 |      51 |  34.7 |      21 |       6 |  22.2
        D:4 |     219 |       0 |   0.0 |      10 |       0 |   0.0
        D:5 |     345 |       0 |   0.0 |       9 |       0 |   0.0
        D:6 |     571 |       0 |   0.0 |      14 |       0 |   0.0
            +---------+---------+-------+---------+---------+-------
